 Dungeon Crawl Stone Soup version 0.29-a0-541-gaf1fc19f1b (webtiles) character file.

Game seed: 7230063345253483474

53 Hubjo the Firebug (level 3, 0/20 HPs)
             Began as a Deep Elf Fire Elementalist on June 2, 2022.
             Succumbed to an adder's poison
             ... on level 2 of the Dungeon.
             The game lasted 00:01:32 (2123 turns).

Hubjo the Firebug (Deep Elf Fire Elementalist)      Turns: 2123, Time: 00:01:33

Health: 0/20       AC:  2    Str:  5    XL:     3   Next: 62%
Magic:  3/10       EV: 12    Int: 21    God:
Gold:   54         SH:  0    Dex: 15    Spells: 8/9 levels left

rFire   . . .      SeeInvis .   (no weapon)
rCold   . . .      Faith    .   (no shield)
rNeg    . . .      Spirit   .   a - +0 robe
rPois   .          Reflect  .   (no helmet)
rElec   .          Harm     .   (no cloak)
rCorr   .          Rampage  .   (no gloves)
Will    .....                   (no boots)
Stlth   ++........              (no amulet)
HPRegen 0.06/turn               (no ring)
MPRegen 0.12/turn               (no ring)

@: lethally poisoned (0 -> -2), attractive
A: no striking features
a: no special abilities


You were on level 2 of the Dungeon.
You visited 1 branch of the dungeon, and saw 2 of its levels.

You collected 54 gold pieces.

Inventory:

Armour
 a - a +0 robe (worn)
Scrolls
 c - 4 scrolls of identify
 f - a scroll of fear
 g - a scroll of vulnerability
 h - 2 scrolls of magic mapping
 j - a scroll of enchant weapon {unknown}
Potions
 b - a potion of magic
 d - a potion of heal wounds {unknown}
 i - a potion of berserk rage {unknown}


   Skills:
 * Level 1.5 Fighting
 - Level 2.4 Dodging
 + Level 3.1 Stealth
 + Level 3.6 Spellcasting
 - Level 1.1 Conjurations
 + Level 3.7 Fire Magic


You had 8 spell levels left.
You knew the following spells:

 Your Spells              Type           Power      Damage    Failure   Level
a - Foxfire               Conj/Fire      52%        2x1d6     4%          1

Your spell library contained the following spells:

 Spells                   Type           Power      Damage    Failure   Level
 Scorch                   Fire           38%        2d6       4%          2
 Conjure Flame            Conj/Fire      13%        6-21      14%         3
 Inner Flame              Hex/Fire       11%        N/A       17%         3
 Flame Wave               Conj/Fire      13%        2d6       43%         4


Dungeon Overview and Level Annotations

Branches:
Dungeon (2/15)

Altars:


Message History

Your experience leads to an increase in your attributes!
Increase (S)trength, (I)ntelligence, or (D)exterity?
You feel clever. x2
You conjure some foxfire!
The foxfire hits the adder.
The adder is heavily wounded.
The foxfire hits the adder.
The adder is heavily wounded.
The foxfire hits the adder.
The adder is heavily wounded.
The adder closely misses you.
You conjure some foxfire!
The foxfire hits the adder.
The adder is almost dead.
The adder bites you.
You are poisoned.
The adder poisons you! The adder bites you. The adder misses you.
You are too injured to fight recklessly!
You are too injured to fight recklessly!
You are too injured to fight recklessly!
You miss the adder.
The adder is heavily wounded.
You feel sick.
The foxfire hits the adder.
You kill the adder!
The foxfire hits the adder.
The adder is severely wounded.
The adder barely misses you.
You feel sick.
Casting: Foxfire (safe; 4% risk of failure)
Confirm with . or Enter, or press ? or * to list all spells.
You conjure some foxfire!
You feel sick. The adder bites you.
* * * LOW HITPOINT WARNING * * *
The adder bites you.
* * * LOW HITPOINT WARNING * * *
You closely miss the adder.
The adder is severely wounded.
* * * LOW HITPOINT WARNING * * *
You feel sick.
The foxfire hits the adder.
You kill the adder!
It was a potion of attraction.
You feel attractive to monsters.
You die...

#.##.#<### #.# #.##.#.#
#.## ######.##.#.# #...
............# #..
#..###.##.### #..
#..###.#..# #.####
#.........#######....####
#..###.#..##....#†).....#
# #.....#.##§@........
#.......v§§#.......)
.........#.####.###.###
.##...#.##.# #.# ..
.......##.# #.# ..
.####...##.. #.# .
#.#+#### #.. .. .. #..


There were no monsters in sight!

Vanquished Creatures
  A gnoll (D:2)
  2 adders (D:2)
  2 ball pythons (D:1)
  4 bats
  4 endoplasms (D:1)
  A giant cockroach (D:1)
  3 goblins (D:1)
  3 hobgoblins (D:1)
  2 quokkas
  A kobold (D:1)
  A rat (D:1)
24 creatures vanquished.

Vanquished Creatures (others)
  142 foxfires
142 creatures vanquished.

Grand Total: 166 creatures vanquished

Notes
Turn   | Place    | Note
-------+----------+-------------------------------------------
     0 | D:1      | Hubjo the Deep Elf Fire Elementalist began the quest for
                  | the Orb.
     0 | D:1      | Reached XP level 1. HP: 10/10 MP: 6/6
   552 | D:1      | Reached XP level 2. HP: 16/16 MP: 4/8
  1181 | D:1      | Reached skill level 1 in Fighting
  1986 | D:2      | Found a faded altar of an unknown god.
  2117 | D:2      | Reached XP level 3. HP: 17/20 MP: 5/9
  2122 | D:2      | HP: 1/20 [poisoned by an adder]
  2123 | D:2      | Succumbed to an adder's poison

Illustrated notes

Levels and vault maps discovered:
D:1:      dreamdust_arrival_beginning_and_end, layout_loops_corners,
          chequers_serial_rivers_room_a
D:2:      minmay_recursive_quarters, layout_loops_corners,
          basic_ecumenical_altar, guppyfry_early_orc_mine

Skill      XL: |  1  2 |
---------------+-------+-----
Fighting       | 1 |  1.5
Stealth        | 3 |  3.1
Dodging        | |  2.4
Spellcasting   | |  3.6
Conjurations   | |  1.1
Fire Magic     | |  3.7

Action                   || total
-------------------------++-------
Melee: Unarmed           ||    10
 Cast: Foxfire           ||    89
  Use: Scroll            ||     3
       Potion            ||     1
Armor: Robe              ||     7
Dodge: Dodged            ||    23

Table legend: (Time is in decaauts)
 A = Elapsed time spent in this place.
 B = Non-inter-level travel time spent in this place.
 C = Inter-level travel time spent in this place.
 D = Time resting spent in this place.
 E = Time spent auto-exploring this place.
 F = Levels seen in this place.
 G = Mean time per level.
                   A        B        C        D        E       F      G
               +--------+--------+--------+--------+--------+-----+--------+
         Total |   2122 |   2090 |     32 |      0 |   1764 |   2 | 1061.0 |
       Dungeon |   2122 |   2090 |     32 |      0 |   1764 |   2 | 1061.0 |
               +--------+--------+--------+--------+--------+-----+--------+

Top non-repeatable levels by time:
     D:1: 1886 daAuts
     D:2: 236 daAuts
